 Dungeon Crawl Stone Soup version 0.21.1-1-g345015f (webtiles) character file.

1357 Fang the Chopper (level 8, 0/52 HPs)
             Began as a Gargoyle Berserker on Apr 19, 2018.
             Was an Elder of Trog.
             Killed by nerve-wracking pain
             ... invoked by an orc priest
              (5 damage)
             ... on level 6 of the Dungeon.
             The game lasted 00:08:49 (5186 turns).

Fang the Chopper (Gargoyle Berserker)               Turns: 5186, Time: 00:08:49

Health: 0/52       AC:  9    Str: 23    XL:     8   Next: 64%
Magic:  8/8        EV: 13    Int:  8    God:    Trog [****..]
Gold:   434        SH:  0    Dex: 11    Spells: 7/7 levels left

rFire    . . .     SeeInvis .   u - +2 long sword (holy)
rCold    . . .     Gourm    .   (no shield)
rNeg     + . .     Faith    .   b - +0 animal skin
rPois    ∞         Spirit   .   (no helmet)
rElec    +         Reflect  .   (no cloak)
rCorr    .         Harm     .   (no gloves)
MR       .....                  (no boots)
Stlth    ++........             (no amulet)
HPRegen  0.17/turn              e - +2 ring of protection
MPRegen  0.11/turn              d - +2 ring of dexterity

@: no status effects
A: negative energy resistance 1, electricity resistance, unbreathing,
petrification resistance, rot immunity, AC +5
a: Berserk, Trog's Hand, Brothers in Arms, Burn Spellbooks, Renounce Religion


You were on level 6 of the Dungeon.
You worshipped Trog.
Trog was greatly pleased with you.
You were hungry.

You visited 1 branch of the dungeon, and saw 6 of its levels.

You collected 434 gold pieces.

Inventory:

Hand Weapons
 a - a +0 hand axe
 m - a +1 spear of venom
 u - a +2 long sword of holy wrath (weapon)
Missiles
 n - 6 javelins (quivered)
Armour
 b - a +0 animal skin (worn)
Jewellery
 d - a +2 ring of dexterity (right hand)
 e - a +2 ring of protection (left hand)
 p - an uncursed ring of flight {unknown}
Scrolls
 g - 2 scrolls of blinking
 i - a scroll of remove curse
 q - a scroll of identify
 t - a scroll of teleportation
Potions
 f - a potion of cancellation
 h - a potion of haste
 j - 3 potions of might
 k - a potion of flight {unknown}
 l - a potion of agility {unknown}
 o - a potion of curing {unknown}
 r - a potion of mutation {unknown}
 s - a potion of degeneration {unknown}
Comestibles
 c - 6 rations
 v - a chunk of flesh


   Skills:
 + Level 6.3 Fighting
 + Level 7.2 Axes
 + Level 1.3(4.7) Polearms
 + Level 2.4 Armour
 + Level 3.7 Dodging
 + Level 2.4 Stealth


You had 7 spell levels left.
You didn't know any spells.

Dungeon Overview and Level Annotations

Branches:
Dungeon (6/15)
 Temple: D:4-7

Altars:
Vehumet


Innate Abilities, Weirdness & Mutations

You are resistant to torment.
Your stone body is resilient. (AC +5)
You are immune to poison.
You resist negative energy. (rN+)
You are resistant to electric shocks. (rElec)
You can survive without breathing.
You are immune to petrification.
You are immune to rotting.


Message History

You're too confused!
You're too confused!
You closely miss something.
You are feeling hungry.
The orc priest hits you.
* * * LOW HITPOINT WARNING * * *
You hear some strange, mumbled words.
Something tries to affect you, but you resist.
The orc hits you with a short sword of holy wrath.
* * * LOW HITPOINT WARNING * * *
The orc priest hits you.
* * * LOW HITPOINT WARNING * * *
Something hits you but does no damage.
You hit the orc.
The orc is severely wounded.
You feel less confused. The orc closely misses you.
The orc priest calls down the wrath of Beogh upon you.
Pain shoots through your body!
You die...

##...###...###
##....###...###
##..#..##.....##
#..##..#...#...#
#..###....###...
#..###.(..###...
###..####...###...
#....#############
#@{.## #oo##
#........#
######.... ..


You could see an orc priest and an orc.

Vanquished Creatures
  The ghost of jujuben the Geomancer, a novice GrEE of Vehumet (D:5)
  2 phantoms
  An ogre (D:6)
  2 scorpions (D:5)
  A howler monkey (D:4)
  2 crimson imps
  A hound (D:4)
  A centaur zombie (D:6)
  An iguana (D:4)
  3 orc wizards
  3 worker ants
  8 gnolls
  6 adders
  3 oozes
  5 worms
  3 dart slugs
  10 orcs
  5 bats
  5 giant cockroaches
  4 goblins
  8 hobgoblins
  10 jackals
  2 quokkas
  2 ball pythons (D:2)
  8 frilled lizards
  4 kobolds
  A leopard gecko zombie (D:5)
  10 rats
112 creatures vanquished.

Notes
Turn   | Place    | Note
-------+----------+-------------------------------------------
     0 | D:1      | Fang the Gargoyle Berserker began the quest for the Orb.
     0 | D:1      | Reached XP level 1. HP: 14/14 MP: 1/1
   262 | D:1      | Reached XP level 2. HP: 19/19 MP: 2/2
   318 | D:1      | Reached skill level 3 in Axes
   365 | D:1      | Reached XP level 3. HP: 10/24 MP: 3/3
   995 | D:2      | Reached XP level 4. HP: 17/30 MP: 4/4
   995 | D:2      | Reached ** piety under Trog
  1688 | D:3      | Reached skill level 4 in Axes
  1688 | D:3      | Reached XP level 5. HP: 34/34 MP: 5/5
  1758 | D:3      | Reached *** piety under Trog
  2280 | D:3      | Noticed a phantom
  2347 | D:3      | Killed a phantom
  2347 | D:3      | Reached XP level 6. HP: 5/40 MP: 6/6
  2911 | D:4      | Reached skill level 5 in Fighting
  2934 | D:4      | Reached skill level 5 in Axes
  3114 | D:4      | Reached skill level 1 in Stealth
  3131 | D:4      | Reached XP level 7. HP: 44/44 MP: 7/7
  3794 | D:5      | Entered Level 5 of the Dungeon
  3900 | D:5      | Reached skill level 6 in Axes
  4108 | D:5      | Found a radiant altar of Vehumet.
  4268 | D:5      | Noticed jujuben's ghost (novice GrEE)
  4292 | D:5      | Killed jujuben's ghost
  4292 | D:5      | Reached **** piety under Trog
  4292 | D:5      | Reached skill level 7 in Axes
  4292 | D:5      | Reached XP level 8. HP: 10/51 MP: 8/8
  4831 | D:5      | Paralysed by fainting for 8 turns
  4877 | D:5      | Paralysed by fainting for 5 turns
  4907 | D:5      | Paralysed by fainting for 12 turns
  4927 | D:5      | Paralysed by fainting for 5 turns
  5051 | D:6      | Reached skill level 1 in Polearms
  5186 | D:6      | Killed from afar by an orc priest

Skill      XL: |  1  2  3  4  5  6  7  8 |
---------------+-------------------------+-----
Axes           | 3 4 5 7 |  7.2
Fighting       | 4 5 6 |  6.3
Dodging        | 2 3 |  3.7
Stealth        | 1 2 |  2.4
Polearms       | 1 |  1.3
Armour         | |  2.4

Action                   |  1- 3 |  4- 6 |  7- 9 || total
-------------------------+-------+-------+-------++-------
Melee: Hand axe          |    66 |   238 |    73 ||   377
       Spear             |       |       |    66 ||    66
       Long sword        |       |       |    12 ||    12
Invok: Berserk           |     2 |     2 |     2 ||     6
       Burn Spellbooks   |       |       |     1 ||     1
  Use: Scroll            |       |     7 |     2 ||     9
 Stab: Sleeping          |     1 |       |     1 ||     2
  Eat: Chunk             |       |    10 |     6 ||    16
       Ration            |       |       |     1 ||     1
Armor: Animal skin       |    30 |    89 |    56 ||   175
Dodge: Dodged            |    50 |   137 |   101 ||   288
